 Dungeon Crawl Stone Soup version 0.21.1-1-g345015f (webtiles) character file.

75 Fortress the Ruffian (level 4, 0/44 HPs)
             Began as a Troll Berserker on June 16, 2018.
             Was a Believer of Trog.
             Killed from afar by an orc wizard (3 damage)
             ... with a magic dart
             ... on level 3 of the Dungeon.
             The game lasted 00:11:42 (1584 turns).

Fortress the Ruffian (Troll Berserker)              Turns: 1584, Time: 00:11:43

Health: 0/44       AC:  6    Str: 25    XL:     4   Next: 11%
Magic:  3/3        EV: 10    Int:  3    God:    Trog [**....]
Gold:   115        SH:  0    Dex: 10    Spells: 3/3 levels left

rFire    . . .     SeeInvis .   h - +0 broad axe
rCold    . . .     Gourm    +   (no shield)
rNeg     . . .     Faith    .   a - +0 animal skin
rPois    .         Spirit   .   (helmet restricted)
rElec    .         Reflect  .   m - +0 cloak
rCorr    .         Harm     .   (gloves unavailable)
MR       .....                  (boots unavailable)
Stlth    +.........             (no amulet)
HPRegen  0.54/turn              (no ring)
MPRegen  0.08/turn              (no ring)

@: no status effects
A: large, unfitting armour, claws 3, fast metabolism 3, gourmand, regeneration
1, shaggy fur 1, tough skin 2
a: Berserk, Trog's Hand, Burn Spellbooks, Renounce Religion


You were on level 3 of the Dungeon.
You worshipped Trog.
Trog was pleased with you.
You were very full.

You visited 1 branch of the dungeon, and saw 4 of its levels.

You collected 115 gold pieces.

Inventory:

Hand Weapons
 h - a +0 broad axe (weapon)
 n - a +0 dagger
Missiles
 f - 183 stones (quivered)
 g - 8 poisoned needles
 l - 17 sling bullets
Armour
 a - a +0 animal skin (worn)
 m - a +0 cloak (worn)
Scrolls
 c - 3 scrolls of identify {unknown}
 d - 2 scrolls of remove curse {unknown}
 i - 3 scrolls of enchant weapon {unknown}
Potions
 e - a potion of invisibility {unknown}
 j - 3 potions of curing {unknown}
 k - a potion of might {unknown}
 p - a potion of mutation {unknown}
 q - 3 potions of agility {unknown}
 r - a potion of brilliance {unknown}
Comestibles
 b - 6 rations


   Skills:
 + Level 2.9 Fighting
 + Level 0.6 Axes
 + Level 3.0 Dodging
 - Level 0.1 Stealth
 - Level 3.8 Unarmed Combat


You had 3 spell levels left.
You didn't know any spells.

Dungeon Overview and Level Annotations

Branches:
Dungeon (4/15)
 Temple: D:4-7

Altars:

Annotations:
D:4 Menkaure


Innate Abilities, Weirdness & Mutations

You are too large for most types of armour.
You have claws for hands.
Your metabolism is lightning-fast.
You like to eat raw meat.
Your natural rate of healing is unusually fast.
You are covered in fur. (AC +1)
You have very tough skin. (AC +2)


Message History

You completely miss something. Something hits you.
* * * LOW HITPOINT WARNING * * *
Something hits you but does no damage.
You bump into the rock wall.
Something hits you but does no damage.
You bump into the rock wall.
You hear some strange, mumbled words.
A puff of flame appears from out of thin air!
The puff of flame hits you!
* * * LOW HITPOINT WARNING * * *
You miss something.
You hear some strange, mumbled words.
Something tries to affect you, but you resist.
You feel less confused. Something hits you.
* * * LOW HITPOINT WARNING * * *
You closely miss something. Something hits you but does no damage.
You hear some strange, mumbled words.
A magic dart appears from out of thin air!
The magic dart hits you!
You die...

### ## #.. .#
#.#####.#
#.#.....#
#.#.@...####
#.#{).......#
#.......###.#
#.........#
#.###.###.#
#.# #.# .#
#.# #.###.#
#[# #.....#
#.# ####..#


There were no monsters in sight!

Vanquished Creatures
  An adder (D:3)
  4 worms (D:2)
  A dart slug (D:1)
  2 leopard geckos (D:2)
  2 orcs (D:3)
  5 bats
  5 goblins
  6 hobgoblins
  6 jackals
  A frilled lizard (D:3)
  6 kobolds
  5 rats
44 creatures vanquished.

Notes
Turn   | Place    | Note
-------+----------+-------------------------------------------
     0 | D:1      | Fortress the Troll Berserker began the quest for the Orb.
     0 | D:1      | Reached XP level 1. HP: 22/22 MP: 0/0
    72 | D:1      | Reached XP level 2. HP: 20/29 MP: 1/1
   579 | D:2      | Reached ** piety under Trog
   579 | D:2      | Reached XP level 3. HP: 29/36 MP: 2/2
  1339 | D:3      | Reached XP level 4. HP: 41/44 MP: 3/3
  1400 | D:4      | Noticed Menkaure
  1584 | D:3      | Killed from afar by an orc wizard

Skill      XL: |  1  2  3 |
---------------+----------+-----
Dodging        | 3 |  3.0
Fighting       | |  2.9
Axes           | |  0.6
Stealth        | |  0.1
Unarmed Combat | |  3.8

Action                   |  1- 3 |  4- 6 || total
-------------------------+-------+-------++-------
Melee: Unarmed           |    70 |       ||    70
       Punch             |     1 |       ||     1
       Broad axe         |    55 |    46 ||   101
  Eat: Chunk             |    18 |     1 ||    19
Armor: Animal skin       |    65 |    39 ||   104
Dodge: Dodged            |    90 |    14 ||   104
